 Dungeon Crawl Stone Soup version 0.25-a0-667-gb977e01cb5 (webtiles) character file.

Game seed: 2064002670372103524, levelgen mode: deterministic

22 kae the Ruffian (level 2, 0/25 HPs)
             Began as a Naga Transmuter on Mar 27, 2020.
             Slain by a jackal (3 damage)
             ... on level 1 of the Dungeon.
             The game lasted 00:00:50 (701 turns).

kae the Ruffian (Naga Transmuter)                    Turns: 701, Time: 00:00:51

Health: 0/25       AC:  1    Str: 12    XL:     2   Next: 91%
Magic:  2/5        EV: 10    Int: 13    God:
Gold:   6          SH:  0    Dex: 11    Spells: 2/5 levels left

rFire    . . .     SeeInvis +     - Unarmed
rCold    . . .     Gourm    .   (no shield)
rNeg     . . .     Faith    .   b - +0 robe
rPois    +         Spirit   .   (no helmet)
rElec    .         Reflect  .   (no cloak)
rCorr    .         Harm     .   (no gloves)
MR       .....                  (no barding)
Stlth    +.........             (no amulet)
HPRegen  0.08/turn              (no ring)
MPRegen  0.09/turn              (no ring)

@: very slow
A: large, see invisible, deformed body, poison resistance, slowness 2, slow
metabolism 1, spit poison 1, AC +0
a: Spit Poison


You were on level 1 of the Dungeon.
You were not hungry.

You visited 1 branch of the dungeon, and saw 1 of its levels.

You collected 6 gold pieces.

Inventory:

Missiles
 a - 9 arrows
Armour
 b - a +0 robe (worn)
Scrolls
 c - a scroll of teleportation {unknown}
Comestibles
 d - a ration
 f - 4 chunks of flesh


   Skills:
 - Level 1.0 Fighting
 - Level 1.5 Dodging
 * Level 3.5 Unarmed Combat
 + Level 2.2 Spellcasting
 + Level 2.3 Transmutations


You had 2 spell levels left.
You knew the following spells:

 Your Spells              Type           Power        Failure   Level  Hunger
a - Beastly Appendage     Tmut           #.....       10%         1    ##.....
b - Sticks to Snakes      Tmut           #.......     14%         2    ###....

Your spell library contained the following spells:

 Spells                   Type           Power        Failure   Level  Hunger
 Spider Form              Tmut/Pois      #.........   41%         3    ####...
 Ice Form                 Ice/Tmut       #.......     83%         4    #####..
 Blade Hands              Tmut           #.........   95%         5    ######.


Dungeon Overview and Level Annotations

Branches:
Dungeon (1/15)

Altars:


Innate Abilities, Weirdness & Mutations

You cannot wear boots.
Your serpentine skin is tough. (AC +0)
You have supernaturally acute eyesight. (SInv)
Armour fits poorly on your strangely shaped body.
Your system is resistant to poisons. (rPois)
You cover ground very slowly.
You have a slow metabolism.
You can spit poison.


Message History

The jackal barely misses your ball python.
You start resting.
Something bites your ball python.
Your ball python dies!
You closely miss the jackal. The jackal barely misses you.
Press: ? - help, Shift-Dir - straight line, f - jackal
Aim: a jackal The splash of poison misses the jackal.
You feel slightly more hungry. The jackal bites you.
* * * LOW HITPOINT WARNING * * *
You barely miss the jackal. The jackal barely misses you.
The jackal closely misses you.
You hit the jackal.
The jackal is almost dead.
The jackal closely misses you.
You closely miss the jackal.
The jackal is almost dead.
Your horns disappear.
You have got your breath back.
The jackal bites you.
You die...

..# # #.# ## ### #.#
#. ..# #.##########.
#.######............
#.#..........(..####
#
##.#.###.###.###..#
# #.# ##.#..# #.#
#......#
###...##.###@###.#
#..##### ........##
##h##.# #..# ###
#.##.#.##.###.###.#
#..# #.†
#.##....##.#h## #.#
#..# ###
...#.....##)## #.#
#..# #.'
#.........†.# ...
#..# ###
..........#...# #...
#.'
.........†#.......
.... ###
..........#...#h...
#.'


You could see a jackal.

Vanquished Creatures
  2 dart slugs (D:1)
  A ball python (D:1)
  6 giant cockroaches (D:1)
  A hobgoblin (D:1)
  A jackal (D:1)
  A frilled lizard (D:1)
  A kobold (D:1)
  2 rats (D:1)
15 creatures vanquished.

Vanquished Creatures (collateral kills)
  A hobgoblin (D:1)
1 creature vanquished.

Grand Total: 16 creatures vanquished

Notes
Turn   | Place    | Note
-------+----------+-------------------------------------------
     0 | D:1      | kae the Naga Transmuter began the quest for the Orb.
     0 | D:1      | Reached XP level 1. HP: 18/18 MP: 3/3
   378 | D:1      | Reached XP level 2. HP: 14/25 MP: 5/5
   552 | D:1      | Learned a level 2 spell: Sticks to Snakes
   701 | D:1      | Slain by a jackal

Levels and vault maps discovered:
D:1:      onia_arrival_larder, layout_loops_ring, due_unseen_surprise

Action                   || total
-------------------------++-------
Melee: Unarmed           ||    64
       Headbutt          ||     5
 Cast: Beastly Appendage ||     7
       Sticks to Snakes  ||     3
 Abil: Spit Poison       ||     4
Armor: Robe              ||     3
Dodge: Dodged            ||    34

Table legend:
 A = Non-vault XP
 B = Vault XP
 C = Vault XP percentage of total XP
 D = Non-vault monster count
 E = Vault monster count
 F = Vault count percentage of total count
                 A         B        C        D         E       F
            +---------+---------+-------+---------+---------+-------
      Total |      23 |       9 |  28.1 |      11 |       5 |  31.2
            +---------+---------+-------+---------+---------+-------
        D:1 |      23 |       9 |  28.1 |      11 |       5 |  31.2
            +---------+---------+-------+---------+---------+-------
